Stars vs Golden Seals

Created - 24 janvier 2018 at 19:21

Goals
1 2 3 T
Stars 0 1 1 2
Golden Seals 3 1 3 7
Shots
1 2 3 T
Stars 9 14 4 27
Golden Seals 13 13 16 42

1st period

1. Golden Seals , Keith Yandle 4 (Colton Parayko 14, Jaden Schwartz 30) at 2:13 (PP)
2. Golden Seals , Ondrej Kase 2 (Barclay Goodrow 5) at 5:33
3. Golden Seals , Mark Letestu 9 (Robby Fabbri 19, Colton Parayko 15) at 7:16

Penalties :
Rob Scuderi (DAL) for Hooking (Minor) at 1:01, Max Domi (CLF) for Hooking (Minor) at 15:40

2nd period

4. Golden Seals , Joe Pavelski 18 (Jaden Schwartz 31, Jonathan Toews 29) at 15:47
5. Stars , Brian Gionta 10 (Mark Streit 16) at 16:56

Penalties :
Patrick Wiercioch (DAL) for Holding (Minor) at 13:38

3rd period

6. Golden Seals , Jaden Schwartz 18 (Joe Pavelski 29) at 0:17
7. Stars , Scottie Upshall 7 (Richard Panik 7, Rob Scuderi 4) at 3:49
8. Golden Seals , Jonathan Toews 21 (Joe Pavelski 30, Jaden Schwartz 32) at 10:27
9. Golden Seals , Jonathan Toews 22 (Jaden Schwartz 33, Joe Pavelski 31) at 15:14

Penalties :
Alexander Radulov (DAL) for Interference (Minor) at 11:10

Goalie Stats

Jhonas Enroth (DAL), 31 saves from 35 shots - (0,886), 52:44 minutes
Jimmy Howard (DAL), 4 saves from 7 shots - (0,571), L, 17-16-3, 7:16 minutes
Sergei Bobrovsky (CLF), 25 saves from 27 shots - (0,926), W, 23-8-4, 60:00 minutes

Players Stats for Stars

Player Name              G  A  P  +/- PIM S  H  SB GA TA FO     MP     PP MP  PK MP  
------------------------------------------------------------------------------------
Alexander Radulov        0  0  0  -2  2   3  3  2  1  1  0/1    19:46   0:53   0:00 
Brian Gionta             1  0  1  -1  0   3  2  0  1  1  0/0    18:14   1:06   2:06 
Bryan Rust               0  0  0  -1  0   2  1  0  1  1  0/0    12:32   0:00   0:01 
Daniel Winnik            0  0  0   0  0   0  0  0  0  0  2/6    10:49   0:00   2:06 
Henrik Sedin             0  0  0  -2  0   2  1  1  1  0  10/15  16:50   1:06   0:01 
Jay Beagle               0  0  0  -1  0   1  4  2  0  0  6/16   14:21   0:00   3:03 
Joe Thornton             0  0  0  -1  0   1  2  3  0  0  7/19   18:05   0:53   0:00 
John Klingberg           0  0  0  -4  0   2  2  1  0  0  0/0    28:03   0:20   3:40 
Lee Stempniak            0  0  0   0  0   1  0  0  0  1  0/0    10:57   0:00   0:00 
Mark Streit              0  1  1  -2  0   0  1  0  0  1  0/0    23:16   0:37   1:12 
Mikko Rantanen           0  0  0  -1  0   5  2  0  0  0  0/2    15:05   0:53   0:00 
Patrick Wiercioch        0  0  0  -1  2   0  2  2  0  0  0/0    14:46   0:00   0:54 
Patrik Nemeth            0  0  0  -1  0   0  2  3  1  0  0/0    18:21   0:56   2:05 
Richard Panik            0  1  1   0  0   3  0  1  0  0  0/0     8:27   0:00   0:00 
Rick Nash                0  0  0  -1  0   0  1  1  0  0  0/1    18:59   1:06   0:00 
Rob Scuderi              0  1  1   0  2   0  0  0  0  0  0/0    13:50   1:02   0:00 
Scottie Upshall          1  0  1  -1  0   2  2  2  0  0  0/1    11:40   0:00   3:03 
Stephen Johns            0  0  0  -1  0   2  0  0  0  1  0/0    20:46   1:03   2:29 

Players Stats for Golden Seals

Player Name              G  A  P  +/- PIM S  H  SB GA TA FO     MP     PP MP  PK MP  
------------------------------------------------------------------------------------
Barclay Goodrow          0  1  1   1  0   0  2  0  0  0  0/0     8:02   0:00   0:28 
Cody Ceci                0  0  0   1  0   1  0  3  0  0  0/0    24:32   0:00   1:11 
Cody Franson             0  0  0   3  0   0  1  0  0  1  0/0    14:13   1:40   0:00 
Colin Wilson             0  0  0  -1  0   3  3  2  0  1  0/0    14:27   0:00   1:04 
Colton Parayko           0  2  2   1  0   2  0  1  0  1  0/0    26:44   3:30   1:11 
Jaden Schwartz           1  4  5   4  0   8  2  0  1  0  0/3    21:11   2:53   0:00 
Joe Pavelski             1  3  4   4  0   5  1  1  0  0  2/2    21:16   2:53   0:00 
Jonathan Toews           2  1  3   4  0   4  0  0  1  0  26/40  21:11   2:53   0:00 
Keith Yandle             1  0  1   0  0   2  1  2  0  0  0/0    21:31   3:30   0:00 
Mark Letestu             1  0  1  -1  0   1  0  0  0  1  3/7    13:55   0:00   1:04 
Max Domi                 0  0  0   0  2   3  1  0  2  0  0/0    14:51   0:00   0:00 
Mike Fisher              0  0  0   0  0   1  3  0  1  0  4/7    17:02   2:17   0:27 
Miles Wood               0  0  0   1  0   1  2  0  1  0  0/1     5:59   0:00   0:27 
Olli Maatta              0  0  0   2  0   1  1  1  0  0  0/0    20:50   1:40   0:48 
Ondrej Kase              1  0  1   1  0   3  1  0  0  0  0/0     7:24   0:00   0:00 
Robby Fabbri             0  1  1  -1  0   3  1  0  0  1  0/0    16:07   2:17   0:28 
Robert Hagg              0  0  0   1  0   0  0  2  0  0  0/0    12:10   0:00   0:48 
Tyler Toffoli            0  0  0   0  0   4  4  0  0  0  1/1    16:35   2:17   0:00 

3 Stars

1 - Jaden Schwartz (CLF)
2 - Joe Pavelski (CLF)
3 - Jonathan Toews (CLF)

Power Play

Stars - 0 on 1 Attempt(s) - 0,00%
Golden Seals - 1 on 3 Attempt(s) - 33,33%

Penalty Kill

Stars - 2 on 3 Attempt(s) - 66,67% - Score 0 goal in Penalty Kill
Golden Seals - 1 on 1 Attempt(s) - 100,00% - Score 0 goal in Penalty Kill

Team Stat

Stars - Hits : 25 - Faceoff Wins : 25 - Blocked Shots : 18 - Penalty Minutes : 6
Golden Seals - Hits : 23 - Faceoff Wins : 36 - Blocked Shots : 12 - Penalty Minutes : 2

Official

Referees : Kevin Pollock and Trevor Hanson
Linesman : Ryan Galloway and Tony Sericolo

Game Notes

Jhonas Enroth enters game at 7:16 of 1st period
Patrick Wiercioch is injured at 4:58 of 3rd period (Back)
Miles Wood is injured at 7:29 of 3rd period (Sprained Left Ankle)

Finance

Level 1 -- Attendance: 6000 (100,00%) -- Ticket Income 360 000 $
Level 2 -- Attendance: 5000 (100,00%) -- Ticket Income 175 000 $
Level 3 -- Attendance: 2000 (100,00%) -- Ticket Income 32 000 $
Level 4 -- Attendance: 4000 (100,00%) -- Ticket Income 40 000 $
Luxury Box -- Attendance: 1000 (100,00%) -- Ticket Income 100 000 $
Game was played at the Sideburns Coliseum.
Total Attendance: 18000 (100,00%)
Total Ticket Income: 707 000 $
Other Income: 346 430 $
Total Income: 1 053 430 $

Stars

5 vs 5 Forward 
   Center                   Left Wing                Right Wing               Time % Phy DF OF 
 1 Joe Thornton             Rick Nash                Alexander Radulov        35     0   2  3  
 2 Henrik Sedin             Mikko Rantanen           Brian Gionta             30     0   3  2  
 3 Jay Beagle               Bryan Rust               Lee Stempniak            22     0   4  1  
 4 Daniel Winnik            Scottie Upshall          Richard Panik            13     0   5  0  

5 vs 5 Defense 
   Defense                  Defense                                           Time % Phy DF OF 
 1 John Klingberg           Mark Streit                                       40     0   3  2  
 2 Stephen Johns            Patrick Wiercioch                                 30     0   4  1  
 3 Patrik Nemeth            Rob Scuderi                                       20     0   4  1  
 4 John Klingberg           Patrick Wiercioch                                 10     0   5  0  

PowerPlay Forward 
   Center                   Left Wing                Right Wing               Time % Phy DF OF 
 1 Joe Thornton             Mikko Rantanen           Alexander Radulov        60     0   1  4  
 2 Henrik Sedin             Rick Nash                Brian Gionta             40     0   1  4  

PowerPlay Defense
   Defense                  Defense                                           Time % Phy DF OF 
 1 Stephen Johns            John Klingberg                                    60     0   2  3  
 2 Mark Streit              Patrik Nemeth                                     40     0   3  2  

Penalty Kill 4 Players Forward 
   Center                   Wing                     Time % Phy DF OF 
 1 Jay Beagle               Scottie Upshall          55     0   5  0  
 2 Daniel Winnik            Brian Gionta             45     0   5  0  

Penalty Kill 4 Players Defense
   Defense                  Defense                  Time % Phy DF OF 
 1 John Klingberg           Patrick Wiercioch        60     0   5  0  
 2 Stephen Johns            Patrik Nemeth            40     0   5  0  

Penalty Kill - 3 Players Forward 
   Forward                                           Time % Phy DF OF 
 1 Jay Beagle                                        60     0   5  0  
 2 Alexander Radulov                                 40     0   5  0  

Penalty Kill - 3 Players Defense
   Defense                  Defense                  Time % Phy DF OF 
 1 Rob Scuderi              Stephen Johns            60     0   5  0  
 2 Mark Streit              Patrick Wiercioch        40     0   5  0  

4 vs 4 Forward 
   Center                   Wing                     Time % Phy DF OF 
 1 Joe Thornton             Alexander Radulov        60     0   4  1  
 2 Mikko Rantanen           Brian Gionta             40     0   4  1  

4 vs 4 Defense
   Defense                  Defense                  Time % Phy DF OF 
 1 John Klingberg           Stephen Johns            60     0   5  0  
 2 Rob Scuderi              Patrick Wiercioch        40     0   5  0  

Last Minutes Offensive
   Center                   Left Wing                Right Wing               Defense                  Defense                  
   Joe Thornton             Rick Nash                Alexander Radulov        John Klingberg           Stephen Johns            

Last Minutes Defensive
   Center                   Left Wing                Right Wing               Defense                  Defense                  
   Jay Beagle               Brian Gionta             Alexander Radulov        John Klingberg           Mark Streit              

Goaltenders
Starting : Jimmy Howard             
Backup : Jhonas Enroth            

Extra Forwards
Normal : Mikko Rantanen, Rick Nash, Daniel Winnik - PP : Mikko Rantanen, Lee Stempniak - PK : Daniel Winnik
Extra Defensemen
Normal : Mark Streit, Patrik Nemeth, Stephen Johns - PP : Mark Streit - PK : Patrik Nemeth, Stephen Johns
Penalty Shots
Joe Thornton, Henrik Sedin, Alexander Radulov, Brian Gionta, Jay Beagle
Custom OT Lines Forwards
Joe Thornton, Henrik Sedin, Alexander Radulov, Brian Gionta, Rick Nash, Richard Panik, Mikko Rantanen, Lee Stempniak, Bryan Rust, Scottie Upshall
Custom OT Lines Defensemen
John Klingberg, Stephen Johns, Patrik Nemeth, Patrick Wiercioch, Rob Scuderi

Scratches
Connor Brickley (Healthy), J.T. Compher (Healthy), Greg Pateryn (Healthy)

Golden Seals

5 vs 5 Forward 
   Center                   Left Wing                Right Wing               Time % Phy DF OF 
 1 Jonathan Toews           Joe Pavelski             Jaden Schwartz           38     0   1  4  
 2 Mike Fisher              Max Domi                 Tyler Toffoli            30     0   2  3  
 3 Mark Letestu             Colin Wilson             Robby Fabbri             22     0   2  3  
 4 Barclay Goodrow          Miles Wood               Ondrej Kase              10     1   2  2  

5 vs 5 Defense 
   Defense                  Defense                                           Time % Phy DF OF 
 1 Colton Parayko           Cody Ceci                                         43     0   3  2  
 2 Keith Yandle             Olli Maatta                                       34     0   3  2  
 3 Cody Franson             Robert Hagg                                       23     0   4  1  
 4 Cody Ceci                Keith Yandle                                      0      1   2  2  

PowerPlay Forward 
   Center                   Left Wing                Right Wing               Time % Phy DF OF 
 1 Jonathan Toews           Joe Pavelski             Jaden Schwartz           60     0   0  5  
 2 Mike Fisher              Robby Fabbri             Tyler Toffoli            40     0   0  5  

PowerPlay Defense
   Defense                  Defense                                           Time % Phy DF OF 
 1 Colton Parayko           Keith Yandle                                      75     0   1  4  
 2 Cody Franson             Olli Maatta                                       25     0   1  4  

Penalty Kill 4 Players Forward 
   Center                   Wing                     Time % Phy DF OF 
 1 Mark Letestu             Colin Wilson             60     1   4  0  
 2 Mike Fisher              Miles Wood               40     1   4  0  

Penalty Kill 4 Players Defense
   Defense                  Defense                  Time % Phy DF OF 
 1 Colton Parayko           Cody Ceci                60     1   4  0  
 2 Robert Hagg              Olli Maatta              40     1   4  0  

Penalty Kill - 3 Players Forward 
   Forward                                           Time % Phy DF OF 
 1 Joe Pavelski                                      60     1   4  0  
 2 Jonathan Toews                                    40     1   4  0  

Penalty Kill - 3 Players Defense
   Defense                  Defense                  Time % Phy DF OF 
 1 Colton Parayko           Cody Ceci                60     0   5  0  
 2 Robert Hagg              Olli Maatta              40     0   5  0  

4 vs 4 Forward 
   Center                   Wing                     Time % Phy DF OF 
 1 Joe Pavelski             Jonathan Toews           60     0   2  3  
 2 Mike Fisher              Jaden Schwartz           40     0   2  3  

4 vs 4 Defense
   Defense                  Defense                  Time % Phy DF OF 
 1 Colton Parayko           Cody Ceci                60     0   3  2  
 2 Keith Yandle             Olli Maatta              40     0   3  2  

Last Minutes Offensive
   Center                   Left Wing                Right Wing               Defense                  Defense                  
   Jonathan Toews           Joe Pavelski             Jaden Schwartz           Colton Parayko           Keith Yandle             

Last Minutes Defensive
   Center                   Left Wing                Right Wing               Defense                  Defense                  
   Mike Fisher              Jaden Schwartz           Mark Letestu             Cody Ceci                Colton Parayko           

Goaltenders
Starting : Sergei Bobrovsky         
Backup : Andrei Vasilevskiy       

Extra Forwards
Normal : Robby Fabbri, Colin Wilson, Max Domi - PP : Max Domi, Colin Wilson - PK : Max Domi
Extra Defensemen
Normal : Cody Franson, Olli Maatta, Cody Ceci - PP : Cody Ceci - PK : Olli Maatta, Cody Ceci
Penalty Shots
Joe Pavelski, Jonathan Toews, Mike Fisher, Jaden Schwartz, Mark Letestu
Custom OT Lines Forwards
Joe Pavelski, Jonathan Toews, Mike Fisher, Jaden Schwartz, Mark Letestu, Tyler Toffoli, Colin Wilson, Max Domi, Robby Fabbri, Miles Wood
Custom OT Lines Defensemen
Colton Parayko, Keith Yandle, Cody Ceci, Olli Maatta, Cody Franson

Scratches
None


% Time on Ice - Stars

Lines # - Real PCT - Wanted PCT - Time Play
Normal Forward
1 - 37% - 35% - 19:27
2 - 26% - 30% - 14:00
3 - 21% - 22% - 10:57
4 - 16% - 13% - 8:27
Normal Defense
1 - 39% - 40% - 20:21
2 - 33% - 30% - 17:13
3 - 22% - 20% - 11:35
4 - 7% - 10% - 3:42
PP Forward
1 - 45% - 60% - 0:53
2 - 55% - 40% - 1:06
PP Defense
1 - 53% - 60% - 1:03
2 - 47% - 40% - 0:56
PK Forward
1 - 61% - 55% - 3:08
2 - 39% - 45% - 2:02
PK Defense
1 - 94% - 60% - 4:52
2 - 6% - 40% - 0:18
PK3 Forward
1 - 0% - 60%
2 - 0% - 40%
PK3 Defense
1 - 0% - 60%
2 - 0% - 40%
44 Forward
1 - 0% - 60%
2 - 0% - 40%
44 Defense
1 - 0% - 60%
2 - 0% - 40%
Last Minute Offensive  - 0:00
Last Minute Defensive  - 0:00
Total
Forward - 60:00
Defense - 60:00

% Time on Ice - Golden Seals

Lines # - Real PCT - Wanted PCT - Time Play
Normal Forward
1 - 35% - 38% - 18:37
2 - 27% - 30% - 14:18
3 - 24% - 22% - 12:32
4 - 14% - 10% - 7:24
Normal Defense
1 - 42% - 43% - 21:58
2 - 35% - 34% - 18:22
3 - 20% - 23% - 10:47
4 - 3% - 0% - 1:44
PP Forward
1 - 56% - 60% - 2:53
2 - 44% - 40% - 2:17
PP Defense
1 - 68% - 75% - 3:30
2 - 32% - 25% - 1:40
PK Forward
1 - 77% - 60% - 1:32
2 - 23% - 40% - 0:27
PK Defense
1 - 60% - 60% - 1:11
2 - 40% - 40% - 0:48
PK3 Forward
1 - 0% - 60%
2 - 0% - 40%
PK3 Defense
1 - 0% - 60%
2 - 0% - 40%
44 Forward
1 - 0% - 60%
2 - 0% - 40%
44 Defense
1 - 0% - 60%
2 - 0% - 40%
Last Minute Offensive  - 0:00
Last Minute Defensive  - 0:00
Total
Forward - 60:00
Defense - 60:00

Play by Play

1st period


0:01 of 1st period - Joe Thornton wins face-off versus Jonathan Toews in neutral zone.
0:04 of 1st period - Jaden Schwartz is hit by Rick Nash and loses puck.
0:14 of 1st period - Snap shot by Colton Parayko.
0:14 of 1st period - Shot Misses the Net.
0:26 of 1st period - John Klingberg is hit by Colin Wilson and loses puck.
0:57 of 1st period - Snap shot by Max Domi.
0:57 of 1st period - Stopped by Jimmy Howard without a rebound.
0:58 of 1st period - Jay Beagle wins face-off versus Miles Wood in Stars zone.
0:58 of 1st period - Jay Beagle is hit by Barclay Goodrow.
1:01 of 1st period - Minor Penalty to Rob Scuderi for Hooking.
1:02 of 1st period - Jay Beagle wins face-off versus Jaden Schwartz in Stars zone.
1:47 of 1st period - Off-side.
1:48 of 1st period - Jonathan Toews wins face-off versus Jay Beagle in neutral zone.
1:57 of 1st period - Snap shot by Joe Pavelski.
1:57 of 1st period - Shot Blocked by Jay Beagle.
1:59 of 1st period - Slapshot by Olli Maatta.
1:59 of 1st period - Stopped by Jimmy Howard without a rebound.
2:00 of 1st period - Jonathan Toews wins face-off versus Daniel Winnik in Stars zone.
2:01 of 1st period - Backhand shot by Joe Pavelski.
2:01 of 1st period - Stopped by Jimmy Howard with a rebound.
2:03 of 1st period - Wrist shot by Jonathan Toews.
2:03 of 1st period - Shot Misses the Net.
2:05 of 1st period - Slapshot by Colton Parayko.
2:05 of 1st period - Shot Misses the Net.
2:07 of 1st period - Backhand shot by Jonathan Toews.
2:07 of 1st period - Shot Misses the Net.
2:09 of 1st period - Wrist shot by Jaden Schwartz.
2:09 of 1st period - Shot Misses the Net.
2:11 of 1st period - Slapshot by Colton Parayko.
2:11 of 1st period - Shot Misses the Net.
2:13 of 1st period - Slapshot by Keith Yandle.
2:13 of 1st period - Goal by Keith Yandle - Stars : 0 - Golden Seals : 1.
2:14 of 1st period - Jonathan Toews wins face-off versus Henrik Sedin in neutral zone.
2:52 of 1st period - Wrist shot by Lee Stempniak.
2:52 of 1st period - Stopped by Sergei Bobrovsky without a rebound.
2:53 of 1st period - Daniel Winnik wins face-off versus Mark Letestu in Golden Seals zone.
3:04 of 1st period - Wrist shot by Richard Panik.
3:04 of 1st period - Shot Hit the Post.
3:06 of 1st period - Slapshot by Patrik Nemeth.
3:06 of 1st period - Shot Blocked by Robert Hagg.
3:08 of 1st period - Wrist shot by Daniel Winnik.
3:08 of 1st period - Shot Misses the Net.
3:25 of 1st period - Snap shot by Alexander Radulov.
3:25 of 1st period - Shot Misses the Net.
3:27 of 1st period - Snap shot by Joe Thornton.
3:27 of 1st period - Stopped by Sergei Bobrovsky with a rebound.
3:34 of 1st period - Icing by Robert Hagg.
3:35 of 1st period - Jonathan Toews wins face-off versus Jay Beagle in Golden Seals zone.
4:22 of 1st period - Wrist shot by Lee Stempniak.
4:22 of 1st period - Shot Misses the Net.
5:28 of 1st period - Rob Scuderi is hit by Miles Wood and loses puck.
5:33 of 1st period - Wrist shot by Ondrej Kase.
5:33 of 1st period - Goal by Ondrej Kase - Stars : 0 - Golden Seals : 2.
5:34 of 1st period - Joe Thornton wins face-off versus Jaden Schwartz in neutral zone.
5:39 of 1st period - Jonathan Toews is hit by Alexander Radulov and loses puck.
6:00 of 1st period - Mike Fisher is hit by John Klingberg and loses puck.
6:33 of 1st period - Jay Beagle is hit by Miles Wood and loses puck.
6:46 of 1st period - Slapshot by Robby Fabbri.
6:46 of 1st period - Stopped by Jimmy Howard without a rebound.
6:47 of 1st period - Daniel Winnik wins face-off versus Mark Letestu in Stars zone.
6:56 of 1st period - Slapshot by Richard Panik.
6:56 of 1st period - Stopped by Sergei Bobrovsky with a rebound.
7:08 of 1st period - Snap shot by Colin Wilson.
7:08 of 1st period - Shot Misses the Net.
7:12 of 1st period - Backhand shot by Robby Fabbri.
7:12 of 1st period - Shot Blocked by Richard Panik.
7:14 of 1st period - Snap shot by Mark Letestu.
7:14 of 1st period - Shot Blocked by Scottie Upshall.
7:16 of 1st period - Wrist shot by Mark Letestu.
7:16 of 1st period - Goal by Mark Letestu - Stars : 0 - Golden Seals : 3.
7:16 of 1st period - Jhonas Enroth enters game.
7:17 of 1st period - Jonathan Toews wins face-off versus Joe Thornton in neutral zone.
7:47 of 1st period - Max Domi is hit by Mikko Rantanen and loses puck.
8:06 of 1st period - Snap shot by Colin Wilson.
8:06 of 1st period - Stopped by Jhonas Enroth without a rebound.
8:07 of 1st period - Jay Beagle wins face-off versus Jonathan Toews in Stars zone.
8:47 of 1st period - Off-side.
8:48 of 1st period - Joe Thornton wins face-off versus Mark Letestu in neutral zone.
9:42 of 1st period - Backhand shot by Max Domi.
9:42 of 1st period - Shot Blocked by Scottie Upshall.
9:44 of 1st period - Slapshot by Colton Parayko.
9:44 of 1st period - Deflect By Stephen Johns.
9:44 of 1st period - Stopped by Jhonas Enroth with a rebound.
10:25 of 1st period - Stephen Johns is hit by Robby Fabbri and loses puck.
11:12 of 1st period - Snap shot by Alexander Radulov.
11:12 of 1st period - Stopped by Sergei Bobrovsky with a rebound.
11:14 of 1st period - Snap shot by Alexander Radulov.
11:14 of 1st period - Shot Misses the Net.
11:31 of 1st period - Slapshot by Alexander Radulov.
11:31 of 1st period - Stopped by Sergei Bobrovsky with a rebound.
11:33 of 1st period - Snap shot by Stephen Johns.
11:33 of 1st period - Stopped by Sergei Bobrovsky without a rebound.
11:34 of 1st period - Henrik Sedin wins face-off versus Jonathan Toews in Golden Seals zone.
11:47 of 1st period - Snap shot by Joe Pavelski.
11:47 of 1st period - Stopped by Jhonas Enroth with a rebound.
12:27 of 1st period - Snap shot by Miles Wood.
12:27 of 1st period - Stopped by Jhonas Enroth without a rebound.
12:28 of 1st period - Henrik Sedin wins face-off versus Jonathan Toews in Stars zone.
13:13 of 1st period - Colton Parayko is hit by Scottie Upshall and loses puck.
13:43 of 1st period - Slapshot by Jonathan Toews.
13:43 of 1st period - Stopped by Jhonas Enroth with a rebound.
13:45 of 1st period - Slapshot by Cody Franson.
13:45 of 1st period - Shot Blocked by Patrik Nemeth.
13:56 of 1st period - Icing by Keith Yandle.
13:57 of 1st period - Mike Fisher wins face-off versus Joe Thornton in Golden Seals zone.
13:57 of 1st period - Mike Fisher is hit by Alexander Radulov.
14:03 of 1st period - Joe Thornton is hit by Mike Fisher and loses puck.
14:30 of 1st period - John Klingberg is hit by Jaden Schwartz and loses puck.
15:28 of 1st period - Snap shot by Alexander Radulov.
15:28 of 1st period - Stopped by Sergei Bobrovsky with a rebound.
15:40 of 1st period - Minor Penalty to Max Domi for Hooking.
15:41 of 1st period - Joe Thornton wins face-off versus Mark Letestu in Golden Seals zone.
17:40 of 1st period - Penalty to Max Domi is over, Max Domi is back on ice.
17:56 of 1st period - Wrist shot by Henrik Sedin.
17:56 of 1st period - Shot Blocked by Colin Wilson.
17:58 of 1st period - Slapshot by Henrik Sedin.
17:58 of 1st period - Stopped by Sergei Bobrovsky without a rebound.
17:59 of 1st period - Jonathan Toews wins face-off versus Jay Beagle in Golden Seals zone.
18:03 of 1st period - Off-side.
18:04 of 1st period - Jonathan Toews wins face-off versus Jay Beagle in neutral zone.
18:36 of 1st period - Slapshot by John Klingberg.
18:36 of 1st period - Shot Blocked by Keith Yandle.
18:38 of 1st period - Slapshot by John Klingberg.
18:38 of 1st period - Stopped by Sergei Bobrovsky with a rebound.
18:40 of 1st period - Snap shot by Richard Panik.
18:40 of 1st period - Shot Blocked by Cody Ceci.
18:50 of 1st period - Patrik Nemeth is hit by Barclay Goodrow and loses puck.
19:21 of 1st period - Mark Letestu is hit by Patrik Nemeth and loses puck.
19:32 of 1st period - Mikko Rantanen is hit by Cody Franson.
19:40 of 1st period - Wrist shot by Tyler Toffoli.
19:40 of 1st period - Stopped by Jhonas Enroth without a rebound.
19:41 of 1st period - Jonathan Toews wins face-off versus Jay Beagle in Stars zone.
19:54 of 1st period - Slapshot by John Klingberg.
19:54 of 1st period - Shot Misses the Net.
Goals for this period are 0 for Stars vs 3 for Golden Seals.
Shots for this period are 9 for Stars vs 13 for Golden Seals.

2nd period


0:01 of 2nd period - Jonathan Toews wins face-off versus Joe Thornton in neutral zone.
0:09 of 2nd period - Off-side.
0:10 of 2nd period - Jonathan Toews wins face-off versus Joe Thornton in neutral zone.
0:33 of 2nd period - Wrist shot by Jaden Schwartz.
0:33 of 2nd period - Stopped by Jhonas Enroth with a rebound.
0:39 of 2nd period - Snap shot by Alexander Radulov.
0:39 of 2nd period - Shot Misses the Net.
0:41 of 2nd period - Backhand shot by Rick Nash.
0:41 of 2nd period - Deflect By Alexander Radulov.
0:41 of 2nd period - Shot Blocked by Joe Pavelski.
0:41 of 2nd period - Puck is out of play.
0:42 of 2nd period - Henrik Sedin wins face-off versus Mike Fisher in Golden Seals zone.
0:49 of 2nd period - Slapshot by Mikko Rantanen.
0:49 of 2nd period - Deflect By Tyler Toffoli.
0:49 of 2nd period - Stopped by Sergei Bobrovsky with a rebound.
1:16 of 2nd period - Snap shot by Bryan Rust.
1:16 of 2nd period - Stopped by Sergei Bobrovsky with a rebound.
1:18 of 2nd period - Slapshot by Mark Streit.
1:18 of 2nd period - Shot Misses the Net.
1:20 of 2nd period - Wrist shot by Jay Beagle.
1:20 of 2nd period - Deflect By Lee Stempniak.
1:20 of 2nd period - Shot Misses the Net.
1:20 of 2nd period - Puck is out of play.
1:21 of 2nd period - Jonathan Toews wins face-off versus Joe Thornton in Golden Seals zone.
1:48 of 2nd period - Backhand shot by Lee Stempniak.
1:48 of 2nd period - Shot Misses the Net.
1:50 of 2nd period - Wrist shot by Jay Beagle.
1:50 of 2nd period - Stopped by Sergei Bobrovsky without a rebound.
1:51 of 2nd period - Mike Fisher wins face-off versus Jay Beagle in Golden Seals zone.
1:55 of 2nd period - Tyler Toffoli is hit by Bryan Rust.
2:40 of 2nd period - Backhand shot by Jaden Schwartz.
2:40 of 2nd period - Shot Misses the Net.
2:42 of 2nd period - Wrist shot by Cody Ceci.
2:42 of 2nd period - Deflect By Jonathan Toews.
2:42 of 2nd period - Shot Misses the Net.
2:42 of 2nd period - Puck is out of play.
2:43 of 2nd period - Joe Thornton wins face-off versus Jonathan Toews in Stars zone.
2:56 of 2nd period - Snap shot by Jonathan Toews.
2:56 of 2nd period - Shot Blocked by Joe Thornton.
3:42 of 2nd period - Wrist shot by Alexander Radulov.
3:42 of 2nd period - Shot Hit the Post.
4:06 of 2nd period - Snap shot by Mikko Rantanen.
4:06 of 2nd period - Stopped by Sergei Bobrovsky without a rebound.
4:07 of 2nd period - Jay Beagle wins face-off versus Jonathan Toews in Golden Seals zone.
4:08 of 2nd period - Slapshot by John Klingberg.
4:08 of 2nd period - Shot Blocked by Olli Maatta.
5:03 of 2nd period - Snap shot by Ondrej Kase.
5:03 of 2nd period - Shot Blocked by Patrik Nemeth.
5:05 of 2nd period - Wrist shot by Colton Parayko.
5:05 of 2nd period - Stopped by Jhonas Enroth with a rebound.
6:13 of 2nd period - Slapshot by John Klingberg.
6:13 of 2nd period - Shot Blocked by Robert Hagg.
6:15 of 2nd period - Snap shot by Mark Streit.
6:15 of 2nd period - Deflect By Alexander Radulov.
6:15 of 2nd period - Shot Misses the Net.
6:15 of 2nd period - Puck is out of play.
6:16 of 2nd period - Mike Fisher wins face-off versus Joe Thornton in Golden Seals zone.
6:40 of 2nd period - Cody Franson is hit by Patrick Wiercioch and loses puck.
6:57 of 2nd period - Wrist shot by Max Domi.
6:57 of 2nd period - Shot Misses the Net.
7:11 of 2nd period - Icing by Mike Fisher.
7:12 of 2nd period - Henrik Sedin wins face-off versus Mike Fisher in Golden Seals zone.
7:15 of 2nd period - Snap shot by Mikko Rantanen.
7:15 of 2nd period - Stopped by Sergei Bobrovsky without a rebound.
7:16 of 2nd period - Henrik Sedin wins face-off versus Jonathan Toews in Golden Seals zone.
7:19 of 2nd period - Wrist shot by Henrik Sedin.
7:19 of 2nd period - Stopped by Sergei Bobrovsky with a rebound.
7:21 of 2nd period - Slapshot by Henrik Sedin.
7:21 of 2nd period - Deflect By Mikko Rantanen.
7:21 of 2nd period - Stopped by Sergei Bobrovsky with a rebound.
7:23 of 2nd period - Slapshot by Patrick Wiercioch.
7:23 of 2nd period - Shot Misses the Net.
7:50 of 2nd period - Wrist shot by Colin Wilson.
7:50 of 2nd period - Stopped by Jhonas Enroth with a rebound.
8:06 of 2nd period - Slapshot by Keith Yandle.
8:06 of 2nd period - Stopped by Jhonas Enroth with a rebound.
8:41 of 2nd period - Robby Fabbri is hit by Alexander Radulov and loses puck.
8:58 of 2nd period - Slapshot by Tyler Toffoli.
8:58 of 2nd period - Stopped by Jhonas Enroth without a rebound.
8:59 of 2nd period - Henrik Sedin wins face-off versus Jonathan Toews in Stars zone.
9:14 of 2nd period - Snap shot by Jonathan Toews.
9:14 of 2nd period - Shot Blocked by Patrick Wiercioch.
10:33 of 2nd period - Slapshot by Mikko Rantanen.
10:33 of 2nd period - Shot Blocked by Colton Parayko.
10:35 of 2nd period - Snap shot by Brian Gionta.
10:35 of 2nd period - Shot Blocked by Colin Wilson.
10:37 of 2nd period - Slapshot by Patrick Wiercioch.
10:37 of 2nd period - Shot Misses the Net.
10:39 of 2nd period - Snap shot by Stephen Johns.
10:39 of 2nd period - Stopped by Sergei Bobrovsky with a rebound.
10:41 of 2nd period - Wrist shot by Brian Gionta.
10:41 of 2nd period - Stopped by Sergei Bobrovsky with a rebound.
10:43 of 2nd period - Slapshot by Brian Gionta.
10:43 of 2nd period - Stopped by Sergei Bobrovsky without a rebound.
10:44 of 2nd period - Jonathan Toews wins face-off versus Joe Thornton in Golden Seals zone.
11:10 of 2nd period - Jay Beagle is hit by Mike Fisher and loses puck.
11:37 of 2nd period - Miles Wood is hit by Patrik Nemeth and loses puck.
11:55 of 2nd period - Snap shot by Jonathan Toews.
11:55 of 2nd period - Shot Blocked by Rick Nash.
11:57 of 2nd period - Wrist shot by Jaden Schwartz.
11:57 of 2nd period - Shot Misses the Net.
11:59 of 2nd period - Snap shot by Jonathan Toews.
11:59 of 2nd period - Shot Misses the Net.
12:11 of 2nd period - Patrik Nemeth is hit by Tyler Toffoli.
13:05 of 2nd period - Tyler Toffoli is hit by Joe Thornton and loses puck.
13:14 of 2nd period - Wrist shot by Max Domi.
13:14 of 2nd period - Stopped by Jhonas Enroth without a rebound.
13:15 of 2nd period - Jay Beagle wins face-off versus Jonathan Toews in Stars zone.
13:38 of 2nd period - Minor Penalty to Patrick Wiercioch for Holding.
13:39 of 2nd period - Jay Beagle wins face-off versus Jonathan Toews in Stars zone.
13:39 of 2nd period - Jay Beagle is hit by Jaden Schwartz.
14:17 of 2nd period - Snap shot by John Klingberg.
14:17 of 2nd period - Stopped by Sergei Bobrovsky without a rebound.
14:18 of 2nd period - Jonathan Toews wins face-off versus Jay Beagle in Golden Seals zone.
14:45 of 2nd period - Jay Beagle is hit by Mike Fisher and loses puck.
15:19 of 2nd period - Snap shot by Jaden Schwartz.
15:19 of 2nd period - Stopped by Jhonas Enroth with a rebound.
15:21 of 2nd period - Backhand shot by Cody Franson.
15:21 of 2nd period - Deflect By Jaden Schwartz.
15:21 of 2nd period - Stopped by Jhonas Enroth without a rebound.
15:22 of 2nd period - Jonathan Toews wins face-off versus Jay Beagle in Stars zone.
15:38 of 2nd period - Penalty to Patrick Wiercioch is over, Patrick Wiercioch is back on ice.
15:47 of 2nd period - Wrist shot by Joe Pavelski.
15:47 of 2nd period - Goal by Joe Pavelski - Stars : 0 - Golden Seals : 4.
15:48 of 2nd period - Jonathan Toews wins face-off versus Henrik Sedin in neutral zone.
15:57 of 2nd period - Wrist shot by Jaden Schwartz.
15:57 of 2nd period - Shot Misses the Net.
15:59 of 2nd period - Snap shot by Jaden Schwartz.
15:59 of 2nd period - Shot Misses the Net.
16:01 of 2nd period - Snap shot by Cody Ceci.
16:01 of 2nd period - Stopped by Jhonas Enroth without a rebound.
16:02 of 2nd period - Henrik Sedin wins face-off versus Jaden Schwartz in Stars zone.
16:13 of 2nd period - Snap shot by Mikko Rantanen.
16:13 of 2nd period - Stopped by Sergei Bobrovsky without a rebound.
16:14 of 2nd period - Jonathan Toews wins face-off versus Henrik Sedin in Golden Seals zone.
16:14 of 2nd period - Jonathan Toews is hit by John Klingberg.
16:54 of 2nd period - Slapshot by Mark Streit.
16:54 of 2nd period - Shot Blocked by Keith Yandle.
16:56 of 2nd period - Wrist shot by Brian Gionta.
16:56 of 2nd period - Goal by Brian Gionta - Stars : 1 - Golden Seals : 4.
16:57 of 2nd period - Joe Thornton wins face-off versus Jonathan Toews in neutral zone.
17:27 of 2nd period - Slapshot by John Klingberg.
17:27 of 2nd period - Shot Hit the Post.
17:29 of 2nd period - Slapshot by Patrick Wiercioch.
17:29 of 2nd period - Shot Misses the Net.
17:31 of 2nd period - Wrist shot by Jay Beagle.
17:31 of 2nd period - Shot Misses the Net.
18:22 of 2nd period - Wrist shot by Richard Panik.
18:22 of 2nd period - Deflect By Scottie Upshall.
18:22 of 2nd period - Stopped by Sergei Bobrovsky with a rebound.
18:50 of 2nd period - Cody Franson is hit by Patrick Wiercioch.
18:59 of 2nd period - Mark Streit is hit by Tyler Toffoli and loses puck.
19:06 of 2nd period - Wrist shot by Mike Fisher.
19:06 of 2nd period - Stopped by Jhonas Enroth with a rebound.
19:08 of 2nd period - Snap shot by Max Domi.
19:08 of 2nd period - Stopped by Jhonas Enroth without a rebound.
19:09 of 2nd period - Jonathan Toews wins face-off versus Henrik Sedin in Stars zone.
19:36 of 2nd period - Rob Scuderi is hit by Colin Wilson and loses puck.
19:45 of 2nd period - Wrist shot by Robby Fabbri.
19:45 of 2nd period - Shot Hit the Post.
19:47 of 2nd period - Snap shot by Robby Fabbri.
19:47 of 2nd period - Stopped by Jhonas Enroth with a rebound.
19:53 of 2nd period - Alexander Radulov is hit by Colin Wilson and loses puck.
Goals for this period are 1 for Stars vs 1 for Golden Seals.
Shots for this period are 14 for Stars vs 13 for Golden Seals.

3rd period


0:01 of 3rd period - Jonathan Toews wins face-off versus Henrik Sedin in neutral zone.
0:08 of 3rd period - John Klingberg is hit by Olli Maatta and loses puck.
0:17 of 3rd period - Wrist shot by Jaden Schwartz.
0:17 of 3rd period - Goal by Jaden Schwartz - Stars : 1 - Golden Seals : 5.
0:18 of 3rd period - Jonathan Toews wins face-off versus Joe Thornton in neutral zone.
0:25 of 3rd period - Snap shot by Jonathan Toews.
0:25 of 3rd period - Shot Blocked by Alexander Radulov.
1:32 of 3rd period - Wrist shot by Bryan Rust.
1:32 of 3rd period - Stopped by Sergei Bobrovsky without a rebound.
1:33 of 3rd period - Joe Pavelski wins face-off versus Joe Thornton in Golden Seals zone.
1:42 of 3rd period - Joe Thornton is hit by Keith Yandle and loses puck.
1:59 of 3rd period - Patrick Wiercioch is hit by Tyler Toffoli and loses puck.
2:18 of 3rd period - Wrist shot by Robby Fabbri.
2:18 of 3rd period - Stopped by Jhonas Enroth without a rebound.
2:19 of 3rd period - Mark Letestu wins face-off versus Daniel Winnik in Stars zone.
2:20 of 3rd period - Backhand shot by Colin Wilson.
2:20 of 3rd period - Stopped by Jhonas Enroth without a rebound.
2:21 of 3rd period - Mark Letestu wins face-off versus Scottie Upshall in Stars zone.
3:04 of 3rd period - Snap shot by Colin Wilson.
3:04 of 3rd period - Shot Blocked by Patrik Nemeth.
3:10 of 3rd period - Slapshot by Richard Panik.
3:10 of 3rd period - Shot Blocked by Cody Ceci.
3:12 of 3rd period - Snap shot by Patrik Nemeth.
3:12 of 3rd period - Shot Misses the Net.
3:14 of 3rd period - Snap shot by Daniel Winnik.
3:14 of 3rd period - Shot Misses the Net.
3:16 of 3rd period - Slapshot by Scottie Upshall.
3:16 of 3rd period - Shot Misses the Net.
3:39 of 3rd period - Snap shot by Rob Scuderi.
3:39 of 3rd period - Deflect By Richard Panik.
3:39 of 3rd period - Stopped by Sergei Bobrovsky with a rebound.
3:41 of 3rd period - Slapshot by Rob Scuderi.
3:41 of 3rd period - Shot Blocked by Cody Ceci.
3:45 of 3rd period - Slapshot by Scottie Upshall.
3:45 of 3rd period - Shot Misses the Net.
3:47 of 3rd period - Snap shot by Richard Panik.
3:47 of 3rd period - Stopped by Sergei Bobrovsky with a rebound.
3:49 of 3rd period - Wrist shot by Scottie Upshall.
3:49 of 3rd period - Goal by Scottie Upshall - Stars : 2 - Golden Seals : 5.
3:50 of 3rd period - Jonathan Toews wins face-off versus Joe Thornton in neutral zone.
3:53 of 3rd period - Snap shot by Joe Pavelski.
3:53 of 3rd period - Stopped by Jhonas Enroth with a rebound.
4:03 of 3rd period - Wrist shot by Joe Pavelski.
4:03 of 3rd period - Shot Blocked by Joe Thornton.
4:40 of 3rd period - Wrist shot by Ondrej Kase.
4:40 of 3rd period - Shot Blocked by Jay Beagle.
4:42 of 3rd period - Slapshot by Keith Yandle.
4:42 of 3rd period - Deflect By Ondrej Kase.
4:42 of 3rd period - Stopped by Jhonas Enroth without a rebound.
4:43 of 3rd period - Jonathan Toews wins face-off versus Joe Thornton in Stars zone.
4:46 of 3rd period - Slapshot by Jaden Schwartz.
4:46 of 3rd period - Shot Misses the Net.
4:58 of 3rd period - Wrist shot by Jonathan Toews.
4:58 of 3rd period - Deflect By Alexander Radulov.
4:58 of 3rd period - Shot Blocked by Patrick Wiercioch.
4:58 of 3rd period - Patrick Wiercioch from Stars is injured at 4:58 of 3rd period (Back).
4:59 of 3rd period - Jonathan Toews wins face-off versus Rick Nash in Stars zone.
5:24 of 3rd period - John Klingberg is hit by Max Domi and loses puck.
6:30 of 3rd period - Snap shot by Jaden Schwartz.
6:30 of 3rd period - Stopped by Jhonas Enroth with a rebound.
6:32 of 3rd period - Snap shot by Jaden Schwartz.
6:32 of 3rd period - Stopped by Jhonas Enroth without a rebound.
6:33 of 3rd period - Jonathan Toews wins face-off versus Jay Beagle in Stars zone.
6:34 of 3rd period - Wrist shot by Jaden Schwartz.
6:34 of 3rd period - Shot Misses the Net.
7:22 of 3rd period - Colton Parayko is hit by Henrik Sedin.
7:28 of 3rd period - Miles Wood is hit by Mikko Rantanen and loses puck.
7:29 of 3rd period - Miles Wood from Golden Seals is injured at 7:29 of 3rd period (Sprained Left Ankle).
7:30 of 3rd period - Jonathan Toews wins face-off versus Mikko Rantanen in Golden Seals zone.
7:34 of 3rd period - Off-side.
7:35 of 3rd period - Henrik Sedin wins face-off versus Jonathan Toews in neutral zone.
7:38 of 3rd period - Slapshot by John Klingberg.
7:38 of 3rd period - Shot Misses the Net.
8:08 of 3rd period - Slapshot by Colton Parayko.
8:08 of 3rd period - Deflect By Mike Fisher.
8:08 of 3rd period - Shot Misses the Net.
8:08 of 3rd period - Puck is out of play.
8:09 of 3rd period - Henrik Sedin wins face-off versus Jonathan Toews in Stars zone.
8:44 of 3rd period - Wrist shot by Mike Fisher.
8:44 of 3rd period - Deflect By Alexander Radulov.
8:44 of 3rd period - Shot Blocked by Joe Thornton.
8:44 of 3rd period - Puck is out of play.
8:45 of 3rd period - Tyler Toffoli wins face-off versus Alexander Radulov in Stars zone.
8:50 of 3rd period - Wrist shot by Mike Fisher.
8:50 of 3rd period - Shot Blocked by Alexander Radulov.
8:52 of 3rd period - Slapshot by Tyler Toffoli.
8:52 of 3rd period - Stopped by Jhonas Enroth with a rebound.
9:10 of 3rd period - Robert Hagg is hit by Jay Beagle and loses puck.
9:43 of 3rd period - Snap shot by Ondrej Kase.
9:43 of 3rd period - Stopped by Jhonas Enroth without a rebound.
9:44 of 3rd period - Jonathan Toews wins face-off versus Joe Thornton in Stars zone.
9:51 of 3rd period - Slapshot by Jaden Schwartz.
9:51 of 3rd period - Stopped by Jhonas Enroth with a rebound.
9:53 of 3rd period - Slapshot by Jaden Schwartz.
9:53 of 3rd period - Stopped by Jhonas Enroth without a rebound.
9:54 of 3rd period - Joe Thornton wins face-off versus Jonathan Toews in Stars zone.
9:54 of 3rd period - Joe Thornton is hit by Joe Pavelski.
10:27 of 3rd period - Slapshot by Joe Pavelski.
10:27 of 3rd period - Deflect By Jonathan Toews.
10:27 of 3rd period - Goal by Jonathan Toews - Stars : 2 - Golden Seals : 6.
10:28 of 3rd period - Henrik Sedin wins face-off versus Mike Fisher in neutral zone.
10:35 of 3rd period - Slapshot by Henrik Sedin.
10:35 of 3rd period - Shot Misses the Net.
10:53 of 3rd period - Keith Yandle is hit by Joe Thornton and loses puck.
11:10 of 3rd period - Minor Penalty to Alexander Radulov for Interference.
11:11 of 3rd period - Joe Pavelski wins face-off versus Jay Beagle in Stars zone.
11:49 of 3rd period - Robby Fabbri is hit by Jay Beagle and loses puck.
12:32 of 3rd period - Snap shot by Tyler Toffoli.
12:32 of 3rd period - Stopped by Jhonas Enroth without a rebound.
12:33 of 3rd period - Jonathan Toews wins face-off versus Daniel Winnik in Stars zone.
13:01 of 3rd period - Snap shot by Jonathan Toews.
13:01 of 3rd period - Shot Misses the Net.
13:10 of 3rd period - Penalty to Alexander Radulov is over, Alexander Radulov is back on ice.
13:17 of 3rd period - Wrist shot by Bryan Rust.
13:17 of 3rd period - Shot Misses the Net.
13:41 of 3rd period - Wrist shot by Jaden Schwartz.
13:41 of 3rd period - Shot Misses the Net.
13:43 of 3rd period - Snap shot by Joe Pavelski.
13:43 of 3rd period - Shot Misses the Net.
13:49 of 3rd period - Slapshot by Joe Pavelski.
13:49 of 3rd period - Stopped by Jhonas Enroth with a rebound.
13:51 of 3rd period - Slapshot by Cody Franson.
13:51 of 3rd period - Shot Misses the Net.
13:53 of 3rd period - Slapshot by Jonathan Toews.
13:53 of 3rd period - Shot Blocked by John Klingberg.
14:07 of 3rd period - Snap shot by Alexander Radulov.
14:07 of 3rd period - Shot Misses the Net.
14:45 of 3rd period - Wrist shot by Jonathan Toews.
14:45 of 3rd period - Stopped by Jhonas Enroth with a rebound.
14:47 of 3rd period - Snap shot by Joe Pavelski.
14:47 of 3rd period - Shot Blocked by Henrik Sedin.
15:12 of 3rd period - Wrist shot by Jonathan Toews.
15:12 of 3rd period - Shot Misses the Net.
15:14 of 3rd period - Wrist shot by Jonathan Toews.
15:14 of 3rd period - Goal by Jonathan Toews - Stars : 2 - Golden Seals : 7.
15:15 of 3rd period - Mike Fisher wins face-off versus Daniel Winnik in neutral zone.
15:20 of 3rd period - Slapshot by Colton Parayko.
15:20 of 3rd period - Shot Misses the Net.
15:57 of 3rd period - Barclay Goodrow is hit by Brian Gionta.
16:40 of 3rd period - Colin Wilson is hit by Mark Streit and loses puck.
16:47 of 3rd period - Barclay Goodrow is hit by Jay Beagle and loses puck.
17:09 of 3rd period - Robby Fabbri is hit by Brian Gionta and loses puck.
17:13 of 3rd period - Icing by Robby Fabbri.
17:14 of 3rd period - Mark Letestu wins face-off versus Mikko Rantanen in Golden Seals zone.
17:25 of 3rd period - Tyler Toffoli is hit by Scottie Upshall and loses puck.
17:43 of 3rd period - Stephen Johns is hit by Ondrej Kase and loses puck.
19:28 of 3rd period - Barclay Goodrow is hit by Jay Beagle and loses puck.
19:39 of 3rd period - Mark Streit is hit by Tyler Toffoli and loses puck.
Goals for this period are 1 for Stars vs 3 for Golden Seals.
Shots for this period are 4 for Stars vs 16 for Golden Seals.